 Dungeon Crawl Stone Soup version 0.22.1-6-g1668fe2 (webtiles) character file.

63 Fang the Skirmisher (level 4, -1/29 HPs)
             Began as a Gargoyle Berserker on Jan 17, 2019.
             Was a Believer of Trog.
             Slain by a leopard gecko (3 damage)
             ... on level 1 of the Dungeon.
             The game lasted 00:01:40 (1192 turns).

Fang the Skirmisher (Gargoyle Berserker)            Turns: 1192, Time: 00:01:41

Health: -1/29      AC:  5    Str: 22    XL:     4   Next: 10%
Magic:  4/4        EV: 12    Int:  7    God:    Trog [**....]
Gold:   27         SH:  0    Dex:  9    Spells: 3/3 levels left

rFire    . . .     SeeInvis .   a - +0 hand axe
rCold    . . .     Gourm    .   (no shield)
rNeg     + . .     Faith    .   b - +0 animal skin
rPois    ∞         Spirit   .   (no helmet)
rElec    +         Reflect  .   (no cloak)
rCorr    .         Harm     .   (no gloves)
MR       .....                  (no boots)
Stlth    +.........             (no amulet)
HPRegen  0.09/turn              (no ring)
MPRegen  0.09/turn              (no ring)

@: berserk cooldown, slowed, very slow
A: negative energy resistance 1, electricity resistance, unbreathing,
petrification resistance, rot immunity, AC +3
a: Berserk, Trog's Hand, Renounce Religion


You were on level 1 of the Dungeon.
You worshipped Trog.
Trog was pleased with you.
You were near starving.

You visited 1 branch of the dungeon, and saw 2 of its levels.

You collected 27 gold pieces.

Inventory:

Hand Weapons
 a - a +0 hand axe (weapon)
Armour
 b - a +0 animal skin (worn)
Scrolls
 d - a scroll of magic mapping {unknown}
 e - 2 scrolls of identify {unknown}
 f - a scroll of immolation {unknown}
Potions
 g - a potion of might {unknown}
Comestibles
 c - 4 rations


   Skills:
 + Level 3.9 Fighting
 + Level 3.6 Axes
 + Level 2.2 Armour
 + Level 2.1 Dodging


You had 3 spell levels left.
You didn't know any spells.
Your spell library was empty.

Dungeon Overview and Level Annotations

Branches:
Dungeon (2/15)

Altars:


Innate Abilities, Weirdness & Mutations

You are resistant to torment.
Your stone body is resilient. (AC +3)
You are immune to poison.
You resist negative energy. (rN+)
You are resistant to electric shocks. (rElec)
You can survive without breathing.
You are immune to petrification.
You are immune to rotting.


Message History

You feel yourself slow down.
There is a stone staircase leading down here.
You climb downwards.
The leopard gecko closely misses you.
An orc comes into view. It is wielding a war axe.
The leopard gecko closely misses you.
There is a stone staircase leading up here.
An orc comes into view. It is wielding a mace.
The leopard gecko misses you.
You see here a worm corpse.
The orc shouts! x2
The leopard gecko closely misses you. The leopard gecko bites you.
* * * LOW HITPOINT WARNING * * *
An orc comes into view.
There is a stone staircase leading up here.
The leopard gecko closely misses you. The leopard gecko misses you.
You climb upwards.
There is a stone staircase leading down here.
The leopard gecko bites you but does no damage.
The leopard gecko bites you.
You die...

#.........# #.#
#.........###+######
########.....(.....#
#(..........# ###
#..(........# ..#
#.....)(....# ..#
##..##'###### ..#
############l.##(#
..#
#...........@>##.#
..#
#.##############.#
..# #.# #........#.#
..# #.# #.######.#.#
### #.# #.# #.#.#
#.#####.# #.#.#
####### #.......#
#.#.# ♣.♣...♣♣
######.##
#...###♣♣♣...... #.#
#####...........


You could see a leopard gecko.

Vanquished Creatures
  2 adders (D:2)
  A worm (D:2)
  A dart slug (D:1)
  2 ball pythons (D:1)
  5 bats (D:1)
  8 goblins
  4 hobgoblins (D:1)
  2 jackals (D:1)
  6 kobolds (D:1)
  2 frilled lizards (D:1)
  6 rats (D:1)
39 creatures vanquished.

Notes
Turn   | Place    | Note
-------+----------+-------------------------------------------
     0 | D:1      | Fang the Gargoyle Berserker began the quest for the Orb.
     0 | D:1      | Reached XP level 1. HP: 14/14 MP: 1/1
   111 | D:1      | Reached XP level 2. HP: 19/19 MP: 2/2
   744 | D:1      | Reached XP level 3. HP: 22/24 MP: 3/3
   748 | D:1      | Reached ** piety under Trog
  1178 | D:2      | Reached XP level 4. HP: 16/29 MP: 4/4
  1192 | D:1      | Slain by a leopard gecko

Skill      XL: |  1  2  3 |
---------------+----------+-----
Axes           | 3 |  3.6
Dodging        | 2 |  2.1
Fighting       | |  3.9
Armour         | |  2.2

Action                   |  1- 3 |  4- 6 || total
-------------------------+-------+-------++-------
Melee: Hand axe          |   103 |     3 ||   106
Invok: Berserk           |     1 |       ||     1
Armor: Animal skin       |    48 |     1 ||    49
Dodge: Dodged            |    79 |     6 ||    85
